 Dungeon Crawl Stone Soup version 0.31-a0-574-g69dc8cc98e (webtiles) character file.

Game seed: 8122408363634210803

47 javelincjr the Ogre Mage (level 3, -2/31 HPs)
             Began as an Ogre Hedge Wizard on Aug 18, 2023.
             Was a High Priest of Ignis.
             Frozen to death by an endoplasm (5 damage)
             ... on level 2 of the Dungeon.
             The game lasted 00:07:32 (2074 turns).

javelincjr the Ogre Mage (Ogre Hedge Wizard)        Turns: 2074, Time: 00:07:32

Health: -2/31      AC:  3    Str: 14    XL:     3   Next: 70%
Magic:  8/8        EV:  9    Int: 17    God:    Ignis [*****.]
Gold:   66         SH:  5    Dex:  8    Spells: 4/9 levels left

rFire   + . .        a - +0 dagger
rCold   . . .        (no shield)
rNeg    . . .        b - +0 robe
rPois   .            c - +0 hat
rElec   .            (no cloak)
rCorr   .            (gloves unavailable)
SInv    .            (boots unavailable)
Will    .....        p - amulet of reflection
Stlth   +            (no ring)
HPRegen 0.25/turn    (no ring)
MPRegen 0.11/turn

%: reflection
@: no status effects
A: large, unfitting armour, tough skin 1
a: Renounce Religion, Fiery Armour, Foxfire Swarm, Rising Flame


You were on level 2 of the Dungeon.
You worshipped Ignis.
Ignis was extremely pleased with you.
You visited 1 branch of the dungeon, and saw 2 of its levels.

You collected 66 gold pieces.

Inventory:

Hand Weapons
 a - a +0 dagger (weapon)
Armour
 b - a +0 robe (worn)
 c - a +0 hat (worn)
Jewellery
 j - an amulet of faith
 p - an amulet of reflection (around neck)
Scrolls
 e - 2 scrolls of identify {unknown}
 k - a scroll of immolation {unknown}
 m - a scroll of vulnerability {unknown}
 n - a scroll of noise {unknown}
Potions
 d - a potion of magic
 f - a potion of cancellation {unknown}
 g - a potion of haste {unknown}
 h - a potion of mutation {unknown}
 i - a potion of lignification {unknown}
 l - a potion of enlightenment {unknown}
 o - a potion of attraction {unknown}


   Skills:
 + Level 2.1 Dodging
 + Level 1.7 Stealth
 + Level 3.9 Spellcasting
 + Level 1.3 Conjurations
 + Level 1.3 Summonings
 + Level 1.6 Translocations


You had 4 spell levels left.
You knew the following spells:

 Your Spells              Type           Power      Damage    Failure   Level
a - Magic Dart            Conj           28%        1d4       10%         1
b - Blink                 Tloc           16%        N/A       12%         2
c - Call Imp              Summ           16%        N/A       14%         2

Your spell library contained the following spells:

 Spells                   Type           Power      Damage    Failure   Level
 Slow                     Hex            12%        N/A       16%         1
 Cigotuvi's Dreadful Rot  Necr/Pois/Air  6%         N/A       24%         2
 Ensorcelled Hibernation  Hex/Ice        6%         N/A       24%         2
 Passwall                 Tmut/Erth      2%         N/A       24%         2
 Mephitic Cloud           Conj/Pois/Air  4%         N/A       36%         3
 Inner Flame              Hex/Fire       3%         N/A       43%         3
 Swiftness                Air            3%         N/A       43%         3
 Flame Wave               Conj/Fire      5%         2d5       77%         4
 Sticky Flame             Conj/Fire      5%         2d3       77%         4
 Olgreb's Toxic Radiance  Pois           3%         N/A       85%         4
 Discord                  Hex            1%         N/A       100%        8
 Ignition                 Fire           1%         3d3       100%        8


Dungeon Overview and Level Annotations

Branches:
Dungeon (2/15)

Altars:
Ignis


Innate Abilities, Weirdness & Mutations

You are too large for most types of armour.
You have tough skin. (AC +1)


Message History

You are too injured to fight recklessly!
You are too injured to fight recklessly!
You closely miss the kobold.
The kobold is heavily wounded.
The endoplasm hits you but does no damage.
The kobold hits you but does no damage. The dart slug launches a dart at you.
The slug dart misses you.
You closely miss the kobold.
The kobold is heavily wounded.
The kobold barely misses you. The endoplasm barely misses you.
You hit the kobold but do no damage.
The kobold is heavily wounded.
You block the dart slug's attack. The endoplasm freezes you.
You are frozen.
* * * LOW HITPOINT WARNING * * *
The kobold hits you but does no damage.
You miss the kobold.
The kobold is heavily wounded.
You block the endoplasm's attack. The kobold hits you but does no damage.
The dart slug bites you.
* * * LOW HITPOINT WARNING * * *
You hit the kobold but do no damage.
The kobold is heavily wounded.
The endoplasm freezes you.
You are frozen.
* * * LOW HITPOINT WARNING * * *
The kobold closely misses you. The dart slug launches a dart at you.
You block slug dart... and reflect it back!
The slug dart hits the dart slug.
You closely miss the kobold.
The kobold is heavily wounded.
The kobold hits you but does no damage. You block the endoplasm's attack.
You closely miss the kobold.
The kobold is heavily wounded.
The endoplasm freezes you.
You are frozen.
You die...

#.........##..#####..#####..##
#.........#..## #........##
#............## ##.#.####.###
#.........##..# ......# #....
#.........###.##.#... # #####
#........[# #...!.... #
#.........# #?..###.. #
#.........###.#.#
#.........#..@wg# ##
##........#.#KJ...... ...
##.....#....S.##.##. ###
######...###.# ..# #.#.# ..
... #...# .#. . ### .## # ..


You could see a dart slug, an endoplasm, a hobgoblin, a ball python and a
kobold.

Vanquished Creatures
  An adder (D:2)
  2 dart slugs
  3 endoplasms
  2 goblins
  4 hobgoblins
  3 quokkas
  4 bats (D:1)
  2 frilled lizards (D:2)
  3 kobolds
  4 rats
28 creatures vanquished.

Vanquished Creatures (collateral kills)
  A worm (D:2)
  A dart slug (D:2)
2 creatures vanquished.

Grand Total: 30 creatures vanquished

Notes
Turn   | Place    | Note
-------+----------+-------------------------------------------
     0 | D:1      | javelincjr the Ogre Hedge Wizard began the quest for the
                  | Orb.
     0 | D:1      | Reached XP level 1. HP: 16/16 MP: 5/5
   189 | D:1      | Reached skill level 1 in Translocations
   284 | D:1      | Reached skill level 1 in Conjurations
   284 | D:1      | Reached skill level 1 in Summonings
   374 | D:1      | Reached XP level 2. HP: 12/24 MP: 0/6
   800 | D:1      | Learned a level 2 spell: Blink
   803 | D:1      | Learned a level 2 spell: Call Imp
  1219 | D:2      | Reached XP level 3. HP: 31/31 MP: 1/8
  1767 | D:2      | Found a faded altar of an unknown god.
  1785 | D:2      | Prayed at the altar of an unknown god.
  1785 | D:2      | Became a worshipper of Ignis, the Dying Flame
  2074 | D:2      | Frozen to death by an endoplasm

Illustrated notes

Levels and vault maps discovered:
D:1:      dpeg_arrival_boxes_within_box, layout_basic,
          chequers_serial_rivers_marsh, minmay_crystal_water, glass_columns_b,
          minmay_hedge_maze, minmay_heptomino_d4
D:2:      layout_rooms, ebering_ecumenical_altar_webs, minmay_fractal_squares_5

Skill      XL: |  1  2 |
---------------+-------+-----
Translocations | 1 |  1.6
Conjurations   | 1 |  1.3
Summonings     | 1 |  1.3
Dodging        | 2 |  2.1
Stealth        | |  1.7
Spellcasting   | |  3.9

Action                     || total
---------------------------++-------
  Melee: Dagger            ||   103
         Punch             ||     1
   Cast: Magic Dart        ||    63
         Call Imp          ||     3
         Blink             ||     2
   Stab: Sleeping          ||     1
 Armour: Robe              ||    41
  Dodge: Dodged            ||    52
  Block: Other             ||     7
         Reflection        ||     1

Table legend: (Time is in decaauts)
 A = Elapsed time spent in this place.
 B = Non-inter-level travel time spent in this place.
 C = Inter-level travel time spent in this place.
 D = Time resting spent in this place.
 E = Time spent auto-exploring this place.
 F = Levels seen in this place.
 G = Mean time per level.
                   A        B        C        D        E       F      G
               +--------+--------+--------+--------+--------+-----+--------+
         Total |   2074 |   2055 |     19 |    160 |   1435 |   2 | 1037.0 |
       Dungeon |   2074 |   2055 |     19 |    160 |   1435 |   2 | 1037.0 |
               +--------+--------+--------+--------+--------+-----+--------+

Top non-repeatable levels by time:
     D:1: 1294 daAuts
     D:2: 780 daAuts
